 Dungeon Crawl Stone Soup version 0.28-a0-1429-gf3d713df7a (webtiles) character file.

Game seed: 12510496220359054230

119 Armakuni the Conjurer (level 5, -5/35 HPs)
             Began as a Human Wanderer on Jan 8, 2022.
             Slain by a wolf (10 damage)
             ... on level 2 of the Dungeon.
             The game lasted 00:08:22 (3569 turns).

Armakuni the Conjurer (Human Wanderer)              Turns: 3569, Time: 00:08:22

Health: -5/35      AC:  3    Str: 12 (13) XL:     5   Next: 24%
Magic:  0/9        EV: 11    Int: 12 (16) God:
Gold:   111        SH:  0    Dex:  7 (10) Spells: 5/10 levels left

rFire   . . .      SeeInvis .   a - +1 dagger (pain)
rCold   . . .      Faith    .   (no shield)
rNeg    . . .      Spirit   .   b - +0 robe
rPois   .          Reflect  .   (no helmet)
rElec   .          Harm     .   (no cloak)
rCorr   .          Rampage  .   m - +0 pair of gloves
Will    .....                   (no boots)
Stlth   +.........              (no amulet)
HPRegen 0.11/turn               (no ring)
MPRegen 0.11/turn               (no ring)

@: no status effects
A: no striking features
a: no special abilities


You were on level 2 of the Dungeon.
You visited 1 branch of the dungeon, and saw 3 of its levels.

You collected 111 gold pieces.

Inventory:

Hand Weapons
 a - a +1 dagger of pain (weapon)
Missiles
 j - 3 javelins
Armour
 b - a +0 robe (worn)
 m - a +0 pair of gloves (worn)
 n - a +3 ring mail
 o - an orb of energy
Jewellery
 G - an amulet of guardian spirit
Wands
 c - a wand of polymorph (6)
Scrolls
 d - a scroll of fog {unknown}
 e - a scroll of fear {unknown}
 h - 3 scrolls of identify
 i - a scroll of enchant armour {unknown}
 l - a scroll of blinking {unknown}
Potions
 g - a potion of might {unknown}
 k - a potion of haste {unknown}
 p - a potion of lignification {unknown}
 q - a potion of mutation {unknown}


   Skills:
 + Level 3.0 Spellcasting
 + Level 4.4 Conjurations
 - Level 3.0 Air Magic
 - Level 3.0 Evocations


You had 5 spell levels left.
You knew the following spells:

 Your Spells              Type           Power      Damage    Failure   Level
f - Foxfire               Conj/Fire      28%        2x1d5     10%         1
m - Mephitic Cloud        Conj/Pois/Air  7%         N/A       26%         3
z - Shock                 Conj/Air       40%        1d5       5%          1

Your spell library contained the following spells:

 Spells                   Type           Power      Damage    Failure   Level
 Animate Skeleton         Necr           2%         N/A       24%         1
 Pain                     Necr           4%         1d4       24%         1
 Dazzling Flash           Conj/Hex       14%        N/A       30%         3
 Vampiric Draining        Necr           1%         2d6       58%         3


Dungeon Overview and Level Annotations

Branches:
Dungeon (3/15)

Altars:


Message History

You conjure some foxfire!
The orc priest hits you with a +0 short sword.
Casting: Foxfire (safe; 10% risk of failure)
Confirm with . or Enter, or press ? or * to list all spells.
Aiming: Shock (safe; 4% risk of failure)
Press: ? - help, Shift-Dir - straight line, f - orc priest
Aim: an orc priest, wielding a +0 short sword and wearing a +0 ring mail (heavily wounded, ally target, 72% to hit)
The zap misses the orc priest.
The foxfire hits the orc priest.
The orc priest is severely wounded.
The foxfire hits the orc priest but does no damage.
The orc priest is severely wounded.
The orc priest mumbles some strange prayers to Beogh against you.
Pain shoots through your body!
* * * LOW HITPOINT WARNING * * *
Casting: Foxfire (safe; 10% risk of failure)
Press: ? - help, Q - select action, (/) - cycle Dir - look around, f - activate You conjure some foxfire!
The orc priest barely misses you.
Casting: Foxfire (safe; 10% risk of failure)
Confirm with . or Enter, or press ? or * to list all spells.
Aiming: Shock (safe; 4% risk of failure)
Press: ? - help, Shift-Dir - straight line, f - orc priest
Aim: an orc priest, wielding a +0 short sword and wearing a +0 ring mail (severely wounded, ally target, 72% to hit)
The zap misses the orc priest.
The foxfire hits the orc priest but does no damage.
The orc priest is severely wounded.
The foxfire hits the orc priest but does no damage.
The orc priest is severely wounded.
The orc priest barely misses you.
Aiming: Polymorph
Press: ? - help, Shift-Dir - straight line, f/p - orc priest
Aim: an orc priest, wielding a +0 short sword and wearing a +0 ring mail (severely wounded, will become a wolf, a warg, or a howler monkey, chance to affect: 56%)
The orc priest evaporates and reforms as a wolf!
The wolf bites you.
* * * LOW HITPOINT WARNING * * *
It was a potion of degeneration.
There was something very wrong with that liquid.
You feel weakened.
You feel dopey.
You feel clumsy. The wolf barely misses you. The wolf bites you!
You die...

#......#.#
######.#.#
#.#.#
#######.#.#
#.........#
#.#####...#
#.# ##..#
##### #.#
#[h# ....#
#.# #.@#
###.# #.#
#### ..#.#
#.# #.#.#
#.# #)..#
#.#
########.#
.......#.#
#.####.#.#
#.# ##.#.#
#####


You could see a wolf.

Vanquished Creatures
  An orc priest (D:2)
  3 adders (D:2)
  2 worms (D:2)
  5 orcs
  4 endoplasms (D:2)
  A giant cockroach (D:2)
  6 goblins
  4 hobgoblins
  6 jackals
  3 quokkas
  A ball python (D:1)
  6 bats
  4 frilled lizards
  A kobold (D:2)
  4 rats
51 creatures vanquished.

Vanquished Creatures (others)
  141 foxfires
141 creatures vanquished.

Grand Total: 192 creatures vanquished

Notes
Turn   | Place    | Note
-------+----------+-------------------------------------------
     0 | D:1      | Armakuni the Human Wanderer began the quest for the Orb.
     0 | D:1      | Armakuni set off with the following items: a +0 club, a +0
                  | robe, a wand of polymorph (7); and the following spells
                  | available to memorise: Shock, Foxfire, Mephitic Cloud,
                  | Dazzling Flash
     0 | D:1      | Reached XP level 1. HP: 13/13 MP: 2/2
     6 | D:1      | Learned a level 1 spell: Shock
     8 | D:1      | Learned a level 1 spell: Foxfire
   228 | D:1      | Found a faded altar of an unknown god.
   248 | D:1      | Reached XP level 2. HP: 16/19 MP: 0/4
  1326 | D:2      | You fall into a shaft and drop 1 floor!
  1333 | D:3      | Reached XP level 3. HP: 22/24 MP: 2/5
  1931 | D:2      | Learned a level 3 spell: Mephitic Cloud
  2070 | D:2      | Reached XP level 4. HP: 30/30 MP: 4/7
  2213 | D:2      | Reached skill level 4 in Conjurations
  3079 | D:2      | Reached XP level 5. HP: 2/35 MP: 2/9
  3568 | D:2      | Noticed a wolf
  3568 | D:2      | an orc priest changed into a wolf
  3569 | D:2      | Slain by a wolf

Illustrated notes

Levels and vault maps discovered:
D:1:      amcnicky_arrival_wind_blow, layout_loops_ring, basic_ecumenical_altar,
          minmay_misc_feat_alley, corexii_hall_statues_i,
          wander_ebering_terrifying_dragon_lair
D:2:      layout_basic, minmay_misc_feat_encased, nrook_mini_backslash
D:3:      layout_rooms

Skill      XL: |  1  2  3  4 |
---------------+-------------+-----
Spellcasting   | 2 3 |  3.0
Conjurations   | 4 |  4.4
Air Magic      | |  3.0
Evocations     | |  3.0

Action                   |  1- 3 |  4- 6 || total
-------------------------+-------+-------++-------
Melee: Club              |    10 |       ||    10
       Dagger            |    20 |    31 ||    51
 Cast: Foxfire           |    43 |    35 ||    78
       Shock             |    11 |     8 ||    19
Evoke: Wand              |       |     1 ||     1
  Use: Potion            |     2 |     1 ||     3
       Scroll            |     2 |       ||     2
Armor: Robe              |    15 |    12 ||    27
Dodge: Dodged            |    32 |    37 ||    69

Table legend: (Time is in decaauts)
 A = Elapsed time spent in this place.
 B = Non-inter-level travel time spent in this place.
 C = Inter-level travel time spent in this place.
 D = Time resting spent in this place.
 E = Time spent auto-exploring this place.
 F = Levels seen in this place.
 G = Mean time per level.
                   A        B        C        D        E       F      G
               +--------+--------+--------+--------+--------+-----+--------+
         Total |   3576 |   3479 |     97 |   1430 |   1453 |   3 | 1192.0 |
       Dungeon |   3576 |   3479 |     97 |   1430 |   1453 |   3 | 1192.0 |
               +--------+--------+--------+--------+--------+-----+--------+

Top non-repeatable levels by time:
     D:2: 2169 daAuts
     D:1: 972 daAuts
     D:3: 434 daAuts
